 Dungeon Crawl Stone Soup version 0.23.1-37-gaa34b87b72 (webtiles) character file.

Game seed: 13114692242944958404

113 MisterOstroum the Sneak (level 4, -8/21 HPs)
             Began as a Spriggan Enchanter on Mar 21, 2019.
             Killed from afar by an orc wizard (10 damage)
             ... with a puff of flame
             ... on level 2 of the Dungeon.
             The game lasted 00:19:14 (4183 turns).

MisterOstroum the Sneak (Spriggan Enchanter)        Turns: 4183, Time: 00:19:15

Health: -8/21      AC:  4    Str:  3 (4)  XL:     4   Next: 65%
Magic:  7/11       EV: 18    Int: 16 (17) God:
Gold:   166        SH:  0    Dex: 15 (16) Spells: 3/12 levels left

rFire    . . .     SeeInvis +   s - +0 short sword (venom)
rCold    . . .     Gourm    .   (shield restricted)
rNeg     . . .     Faith    .   b - +0 robe
rPois    .         Spirit   .   (helmet restricted)
rElec    .         Reflect  .   i - +1 cloak
rCorr    .         Harm     .   (gloves unavailable)
MR       .....                  (boots unavailable)
Stlth    +++.......             (no amulet)
HPRegen  0.07/turn              (no ring)
MPRegen  0.12/turn              (no ring)

@: very slightly contaminated, very quick
A: very small, unfitting armour, see invisible, herbivore, speed 3, slow
metabolism 2
a: no special abilities


You were on level 2 of the Dungeon.
You were not hungry.

You visited 1 branch of the dungeon, and saw 4 of its levels.

You collected 166 gold pieces.

Inventory:

Hand Weapons
 a - a +1 dagger
 j - a +2 spear of venom
 s - a +0 short sword of venom (weapon)
Missiles
 c - 119 stones (quivered)
Armour
 b - a +0 robe (worn)
 i - a +1 cloak (worn)
Jewellery
 h - a +3 ring of evasion {unknown}
 q - an uncursed amulet of the gourmand {unknown}
Scrolls
 f - 2 scrolls of immolation
 k - a scroll of amnesia
 l - a scroll of noise {unknown}
 m - 3 scrolls of teleportation
 n - a scroll of remove curse
 p - 2 scrolls of magic mapping {unknown}
 r - a scroll of fear {unknown}
Potions
 e - a potion of cancellation {unknown}
 g - 2 potions of degeneration
 o - a potion of curing {unknown}
Comestibles
 d - 4 rations


   Skills:
 - Level 1.1 Short Blades
 - Level 3.0 Dodging
 + Level 5.1 Stealth
 * Level 4.5 Spellcasting
 + Level 5.0 Hexes


You had 3 spell levels left.
You knew the following spells:

 Your Spells              Type           Power        Failure   Level  Hunger
a - Ensorcelled Hibernat  Hex/Ice        ##....       9%          2    ##.....
b - Confuse               Hex            ###.....     6%          3    ###....
c - Corona                Hex            ###....      1%          1    None
d - Tukima's Dance        Hex            ###.....     6%          3    ###....

Your spell library contained the following spells:

 Spells                   Type           Power        Failure   Level  Hunger
 Dazzling Spray           Conj/Hex       ##....       17%         3    ###....


Dungeon Overview and Level Annotations

Branches:
Dungeon (4/15)
 Temple: D:4-7

Altars:
Elyvilon
Yredelemnul


Innate Abilities, Weirdness & Mutations

You are very small and have problems with some larger weapons.
You are too small for most types of armour.
You have supernaturally acute eyesight. (SInv)
You are a herbivore.
You cover ground extremely quickly.
You need to consume almost no food.


Message History

* * * LOW HITPOINT WARNING * * *
The orc wizard misses you.
You climb upwards.
There is a stone staircase leading down here.
It was a potion of degeneration.
There was something very wrong with that liquid.
You feel weakened.
You feel dopey.
You feel clumsy. The orc wizard completely misses you.
The orc wizard completely misses you. The orc wizard barely misses you.
The orc wizard hits you but does no damage.
The orc wizard completely misses you. The orc wizard barely misses you.
The orc wizard hits you but does no damage.
The orc wizard hits you but does no damage.
The orc wizard miscasts a cantrip.
The orc wizard closely misses you.
The orc wizard points at you and mumbles some strange words.
The puff of flame hits you!
You die...

# #.#.##.#########.##.##### ##
#.#.##.# #.##.#.).### .##
#.#.##.# #####.##.#.#....
..#####.#.##.# #.....##...#..#.
........#.##.# #.######..###.##
##....###.##.#####.# #....(.#.
♣###......##.#..†..# ##...#.(..
.♣♣###.#####.#.#########..###.###
...♣♣#..........@[..........#..#.
♣...♣##.####...o........#.#....#.
♣....♣#..#####.##########.#.##...
♣....♣##..................#..#.##
♣.....♣#.#####.############.##...
♣.....♣#.# #...(..........>..##
♣.....♣#.##################.####
......♣#............# #.#
.....♣##.##########.# #.#


You could see an orc wizard.

Vanquished Creatures
  Jessica (D:2)
  An adder (D:2)
  A dart slug (D:1)
  A worm (D:2)
  A leopard gecko (D:1)
  4 orcs
  A bat (D:1)
  13 giant cockroaches
  7 hobgoblins
  4 jackals (D:1)
  7 kobolds
  2 quokkas
  5 frilled lizards
  7 goblins
  7 rats
62 creatures vanquished.

Notes
Turn   | Place    | Note
-------+----------+-------------------------------------------
     0 | D:1      | MisterOstroum the Spriggan Enchanter began the quest for
                  | the Orb.
     0 | D:1      | Reached XP level 1. HP: 9/9 MP: 5/5
   439 | D:1      | Reached XP level 2. HP: 6/13 MP: 5/7
   443 | D:1      | Learned a level 2 spell: Ensorcelled Hibernation
  1546 | D:2      | Noticed Jessica
  1555 | D:2      | Killed Jessica
  1555 | D:2      | Reached XP level 3. HP: 16/16 MP: 3/9
  1768 | D:2      | Found a basalt altar of Yredelemnul.
  2410 | D:2      | Reached skill level 5 in Stealth
  2427 | D:2      | Reached XP level 4. HP: 21/21 MP: 7/11
  2737 | D:2      | Found a white marble altar of Elyvilon.
  2886 | D:3      | Reached skill level 5 in Hexes
  3251 | D:3      | Learned a level 3 spell: Confuse
  3259 | D:3      | Learned a level 3 spell: Tukima's Dance
  4171 | D:3      | HP: 1/21 [orc/+0 trident (8)]
  4183 | D:2      | Killed from afar by an orc wizard

Skill      XL: |  1  2  3  4 |
---------------+-------------+-----
Spellcasting   | 3 4 |  4.5
Hexes          | 4 5 |  5.0
Stealth        | 5 |  5.1
Short Blades   | |  1.1
Dodging        | |  3.0

Action                   |  1- 3 |  4- 6 || total
-------------------------+-------+-------++-------
Melee: Dagger            |   122 |   117 ||   239
       Short sword       |       |     2 ||     2
Throw: Stone             |     1 |     6 ||     7
 Cast: Corona            |     5 |       ||     5
       Ensorcelled Hiber |    22 |    30 ||    52
       Confuse           |       |     2 ||     2
  Use: Scroll            |     5 |       ||     5
       Potion            |       |     1 ||     1
 Stab: Sleeping          |    21 |    21 ||    42
  Eat: Ration            |       |     2 ||     2
Armor: Robe              |    11 |    31 ||    42
Dodge: Dodged            |   103 |   124 ||   227
